 Dungeon Sprint DCSS version 0.28.0-53-g5a82cb258f (webtiles) character file.

Game seed: 11063387150238561849

123 Zeld the Changer (level 5, -6/37 HPs)
             Began as an Octopode Transmuter on June 6, 2022.
             Was a Believer of Sif Muna.
             Mangled by a scorpion (9 damage)
             ... while paralysed by a floating eye
             ... in the Dungeon (Sprint VII: "The Pits").
             The game lasted 00:00:53 (656 turns).

Zeld the Changer (Octopode Transmuter)               Turns: 656, Time: 00:00:53

Health: -6/37      AC:  2    Str: 11    XL:     5   Next: 7%
Magic:  6/12       EV:  5    Int: 15    God:    Sif Muna [**....]
Gold:   0          SH:  0    Dex: 18    Spells: 4/14 levels left

rFire   . . .      SeeInvis .     - Unarmed
rCold   . . .      Faith    .   (shield currently unavailable)
rNeg    . . .      Spirit   .   (helmet currently unavailable)
rPois   x          Reflect  .   (no amulet)
rElec   .          Harm     .   (no ring)
rCorr   .          Rampage  .   (no ring)
Will    .....      NoTele   +   (no ring)
Stlth   ++........              (no ring)
HPRegen 0.12/turn               (no ring)
MPRegen 0.13/turn               (no ring)
                                (no ring)
                                (no ring)

@: paralysed, lethally poisoned (-6 -> -25), spider-form, very slightly
contaminated
A: venomous fangs, almost no armour, (amphibious), 8 rings, tiny, (camouflage
1), (gelatinous body 1), (nimble swimmer 1), (tentacles)
a: End Transformation, Renounce Religion, Channel Magic


You were in the Dungeon.
You worshipped Sif Muna.
Sif Muna was pleased with you.
You were a venomous arachnid creature.
You visited 1 branch

Inventory:

Scrolls
 f - a scroll of blinking
 h - 5 scrolls of amnesia
 i - a scroll of summoning
Potions
 a - a potion of curing
 b - a potion of heal wounds
 c - a potion of haste
 d - 4 potions of magic
 e - 3 potions of berserk rage
 g - 2 potions of invisibility


   Skills:
 + Level 3.7 Fighting
 - Level 2.0 Dodging
 - Level 3.0 Unarmed Combat
 * Level 5.3 Spellcasting
 * Level 5.7 Transmutations
 + Level 0.8 Ice Magic
 + Level 1.2 Poison Magic
 + Level 4.0 Invocations


You had 4 spell levels left.
You knew the following spells:

 Your Spells              Type           Power      Damage    Failure   Level
a - Beastly Appendage     Tmut           42%        N/A       7%          1
b - Wereblood             Tmut           21%        N/A       9%          2
c - Spider Form           Tmut/Pois      14%        N/A       28%         3
d - Ice Form              Ice/Tmut       13%        N/A       61%         4

Your spell library contained the following spells:

 Spells                   Type           Power      Damage    Failure   Level


Dungeon Overview and Level Annotations

Branches:
Dungeon (1/1)

Altars:
Ashenzari
Cheibriados
Dithmenos
Elyvilon
Fedhas
Gozag
Hepliaklqana
Kikubaaqudgha
Makhleb
Nemelex Xobeh
Okawaru
Qazlal
Ru
Sif Muna
Trog
Uskayaw
Vehumet
Wu Jian
Xom
Yredelemnul
Zin
The Shining One
Beogh
Jiyva
Lugonu


Innate Abilities, Weirdness & Mutations

You are a venomous arachnid creature.
You have poisonous fangs.
You are tiny and dextrous.
Your spellcasting is less reliable in this form.
Your armour is entirely melded.
You are incapable of wielding weapons or throwing items.
You cannot wear most types of armour.
((You are amphibious.))
You can wear up to eight rings at the same time.
((Your skin changes colour to match your surroundings (Stealth+).))
((Your rubbery body absorbs attacks. (AC +1, EV +1)))
((You are camouflaged when in or above water. (Stealth+)))
((You have tentacles for arms and can constrict up to eight enemies at once.))


Message History

There is an open door here.
Unknown command.
The floating eye's view fixates on you. The river rat misses you.
Casting: Beastly Appendage (safe; 1% risk of failure)
Confirm with . or Enter, or press ? or * to list all spells.
The spell is quite dangerous to miscast (12% risk of failure)!
Continue anyway?
You miscast Spider Form.
You are very lightly contaminated with residual magic.
Nothing appears to happen.
Casting: Spider Form (quite dangerous; 12% risk of failure)
Confirm with . or Enter, or press ? or * to list all spells.
The spell is quite dangerous to miscast (12% risk of failure)!
Continue anyway?
You turn into a venomous arachnid creature.
The river rat bites you.
You bite the river rat!
The river rat is poisoned.
The river rat is severely wounded.
The river rat closely misses you.
Unknown command.
You hit the river rat.
You kill the river rat!
Sif Muna accepts your kill.
Your Invocations skill increases to level 4!
You have reached level 5!
You feel agile.
You hit the scorpion but do no damage. The scorpion stings you.
The floating eye gazes piercingly through you!
You suddenly lose the ability to move!
The scorpion stings you!
You are lethally poisoned!
The scorpion poisons you!
You feel extremely sick.
The scorpion stings you but does no damage.
The floating eye seems to glare at you.
* * * LOW HITPOINT WARNING * * *
You feel very sick. The scorpion stings you!
* * * LOW HITPOINT WARNING * * *
The scorpion stings you!
You die...

############
#_________.#
#_________.#
#_______...###########
##########'##.........
#.?(.')))'.##......#..
##########.##.........
#....ssG....'.........
#+#####'#####......#..
#..รท.G# #.........
#...s.# ####'#####
###'### #.......#
#.....# #.......#
#.....# #.......#
####'## #...<...# ....
#.......#


You could see a scorpion and a floating eye (charged).

Vanquished Creatures
  A floating eye (D)
  2 river rats (D)
  An ufetubus (D)
  A ball python (D)
  A rat (D)
6 creatures vanquished.

Notes
Turn   | Place    | Note
-------+----------+-------------------------------------------
     0 | D        | Zeld the Octopode Transmuter began the quest for the Orb.
     0 | D        | Reached XP level 1. HP: 13/13 MP: 3/3
     9 | D        | Noticed a floating eye
    14 | D        | Found a bloodstained altar of Trog.
    14 | D        | Found a shimmering blue altar of Sif Muna.
    14 | D        | Found a viscous altar of Jiyva.
    14 | D        | Found a hazy altar of Hepliaklqana.
    14 | D        | Found an opulent altar of Gozag.
    15 | D        | Found a glowing golden altar of the Shining One.
    15 | D        | Found a glowing silver altar of Zin.
    15 | D        | Found a basalt altar of Yredelemnul.
    15 | D        | Found a shimmering altar of Xom.
    15 | D        | Found an ornate altar of the Wu Jian Council.
    15 | D        | Found a sacrificial altar of Ru.
    15 | D        | Found a stormy altar of Qazlal.
    15 | D        | Found an iron altar of Okawaru.
    15 | D        | Found a sparkling altar of Nemelex Xobeh.
    15 | D        | Found a burning altar of Makhleb.
    15 | D        | Found a blossoming altar of Fedhas.
    15 | D        | Found a white marble altar of Elyvilon.
    15 | D        | Found a shadowy altar of Dithmenos.
    15 | D        | Found a snail-covered altar of Cheibriados.
    16 | D        | Found a radiant altar of Vehumet.
    16 | D        | Found a corrupted altar of Lugonu.
    17 | D        | Found an ancient bone altar of Kikubaaqudgha.
    17 | D        | Found a hide-covered altar of Uskayaw.
    17 | D        | Found a broken altar of Ashenzari.
    18 | D        | Became a worshipper of Sif Muna the Loreminder
    23 | D        | Paralysed by a floating eye for 4 turns
    28 | D        | Killed a floating eye
    29 | D        | Reached skill level 5 in Spellcasting
    29 | D        | Reached skill level 5 in Transmutations
    29 | D        | Reached XP level 2. HP: 21/21 MP: 2/8
    29 | D        | Reached XP level 3. HP: 26/26 MP: 2/9
    29 | D        | Reached XP level 4. HP: 31/31 MP: 2/11
    32 | D        | Learned a level 2 spell: Wereblood
    36 | D        | Learned a level 3 spell: Spider Form
    41 | D        | Learned a level 4 spell: Ice Form
   239 | D        | Reached * piety under Sif Muna
   413 | D        | Reached skill level 1 in Poison Magic
   636 | D        | Noticed a floating eye
   637 | D        | Noticed a scorpion
   638 | D        | Paralysed by a floating eye for 3 turns
   644 | D        | Paralysed by a floating eye for 3 turns
   652 | D        | Reached ** piety under Sif Muna
   653 | D        | Reached XP level 5. HP: 31/37 MP: 5/12
   653 | D        | Paralysed by a floating eye for 3 turns
   656 | D        | Mangled by a scorpion

Illustrated notes

Levels and vault maps discovered:
D:        pitsprint [storerooms_1, entrance_room_1, metal_vault_6, armoury_3,
          mini_pit_1, grid_room_1, main_hall_1, silver_pit, the_coven_1,
          the_vestibule_1, steel_vault_5, golden_pit, hallway_of_sentries,
          crystal_vault_4, iron_vault_1, final_vault]

Skill      XL: |  1  2  3  4 |
---------------+-------------+-----
Fighting       | 3 |  3.7
Spellcasting   | 5 |  5.3
Transmutations | 5 |  5.7
Invocations    | 3 4 |  4.0
Poison Magic   | 1 |  1.2
Dodging        | |  2.0
Unarmed Combat | |  3.0
Ice Magic      | |  0.8

Action                   |  1- 3 |  4- 6 || total
-------------------------+-------+-------++-------
Melee: Unarmed           |     3 |    14 ||    17
       Kick              |     2 |     3 ||     5
       Constrict         |     2 |     2 ||     4
       Tentacles         |     2 |       ||     2
 Cast: Beastly Appendage |     1 |     2 ||     3
       Spider Form       |       |     1 ||     1
Armor: Skin              |       |     3 ||     3
Dodge: Dodged            |       |    20 ||    20
